Map: Bel'Shir Vestige LE (Void)

Players

PiLiPiLi

  • Race: Protoss Protoss
  • Spawn Location: 11:00

Patience - Winner!

  • Race: Protoss Protoss
  • Spawn Location: 5:00

Event: IEM XI Katowice - World Championship 2017

VOD

Have the link to the VOD?

Description

Time

  • Played on: March 3, 2017, 8:52 a.m.
  • Length: 11:41

All games in this series

Show
View Real Time Build Order
Export as new Build Order

PiLiPiLi Protoss 

Build Orders:  

Get SALT Encoding   

  12  0:00  Probe (Chrono Boost)  
  13  0:11  Probe (Chrono Boost)  
  14  0:18  Pylon  
  14  0:22  Probe (Chrono Boost)  
  15  0:36  Probe (Chrono Boost)  
  15  0:37  Gateway  
  16  0:43  Assimilator  
  16  0:47  Probe (Chrono Boost)  
  17  0:52  Assimilator  
  17  0:57  Probe (Chrono Boost)  
  18  1:06  Gateway  
  18  1:08  Probe (Chrono Boost)  
  20  1:18  Probe (Chrono Boost)  
  20  1:25  Cybernetics Core  
  20  1:29  Probe (Chrono Boost)  
  21  1:32  Pylon  
  21  1:39  Probe (Chrono Boost)  
  22  1:49  Warp Gate  
  22  1:50  Probe (Chrono Boost)  
  23  2:01  Stalker  
  23  2:02  Stalker  
  27  2:12  Mothership Core (Chrono Boost)  
  29  2:18  Pylon  
  29  2:32  Probe (Chrono Boost)  
  30  2:38  Robotics Facility  
  31  2:44  Probe (Chrono Boost)  
  31  2:54  Sentry  
  31  2:56  Probe (Chrono Boost)  
  34  3:08  Nexus  
  34  3:12  Probe (Chrono Boost)  
  35  3:17  Pylon  
  35  3:30  Immortal  
  33  3:36  Probe (Chrono Boost)  
  38  3:47  Pylon  
  38  3:51  Probe (Chrono Boost)  
  39  3:56  Stalker  
  39  3:57  Stalker  
  44  4:03  Probe (Chrono Boost)  
  42  4:12  Immortal  
  44  4:23  Stalker  
  44  4:27  Stalker  
  46  4:47  Gateway x2, Warp Prism  
  46  4:58  Sentry x2  
  52  5:03  Probe x2 (Chrono Boost)  
  54  5:07  Gateway  
  54  5:20  Pylon, Probe (Chrono Boost)  
  54  5:21  Observer, Probe (Chrono Boost)  
  56  5:22  Stalker  
  59  5:39  Probe x2 (Chrono Boost)  
  59  5:41  Pylon  
  61  5:45  Adept  
  61  5:46  Adept x3  
  69  6:04  Stalker x2  
  69  6:09  Adept  
  69  6:10  Adept x2  
  75  6:21  Warp Prism  
  65  6:29  Probe x2 (Chrono Boost)  
  65  6:32  Stalker x4  
  57  6:53  Immortal  
  53  6:55  Assimilator, Probe x2 (Chrono Boost)  
  53  6:59  Zealot x2  
  53  7:00  Assimilator, Adept  
  63  7:12  Probe x2 (Chrono Boost)  
  66  7:24  Probe (Chrono Boost)  
  66  7:28  Adept  
  66  7:29  Adept x3  
  74  7:39  Immortal  
  78  7:46  Twilight Council  
  76  7:55  Adept x4  
  70  8:09  Gateway  
  70  8:11  Resonating Glaives, Gateway  
  71  8:14  Adept x2  
  71  8:19  Immortal  
  78  8:42  Adept  
  78  8:43  Adept x3  
  78  8:46  Pylon  
  85  8:55  Observer  
  86  9:06  Pylon  
  86  9:09  Pylon, Adept x4  
  94  9:12  Pylon  
  94  9:17  Pylon  
  94  9:22  Observer  
  95  9:34  Adept x7  
  109  9:54  Adept  
  109  9:55  Adept x6  
  89  10:15  Adept x2  
  89  10:16  Adept x3  
  89  10:19  Adept  
  79  10:36  Adept x4  
  79  10:38  Sentry x2  
  89  10:48  Sentry  
  83  10:57  Adept  
  83  10:58  Sentry x2  
  79  11:18  Adept x3  
  79  11:19  Adept x2  
Show
View Real Time Build Order
Export as new Build Order

Patience Protoss - Winner!

Build Orders:  

Get SALT Encoding   

  12  0:00  Probe (Chrono Boost)  
  13  0:11  Probe (Chrono Boost)  
  14  0:17  Pylon  
  14  0:22  Probe (Chrono Boost)  
  15  0:36  Probe (Chrono Boost)  
  15  0:37  Gateway  
  15  0:42  Assimilator  
  16  0:46  Probe (Chrono Boost)  
  17  0:52  Assimilator  
  18  0:57  Probe (Chrono Boost)  
  18  1:07  Probe (Chrono Boost)  
  18  1:09  Gateway  
  19  1:18  Probe (Chrono Boost)  
  20  1:24  Cybernetics Core  
  20  1:28  Probe (Chrono Boost)  
  21  1:35  Pylon  
  21  1:39  Probe (Chrono Boost)  
  22  1:49  Probe (Chrono Boost)  
  22  1:51  Warp Gate  
  23  2:01  Mothership Core (Chrono Boost)  
  29  2:09  Stalker x2  
  29  2:18  Pylon  
  29  2:21  Probe (Chrono Boost)  
  30  2:34  Probe (Chrono Boost)  
  31  2:39  Stalker x2  
  35  3:02  Nexus  
  35  3:09  Pylon  
  35  3:15  Stalker  
  37  3:24  Stalker  
  39  3:29  Probe (Chrono Boost)  
  39  3:38  Twilight Council  
  39  3:50  Probe (Chrono Boost)  
  40  4:01  Stalker  
  40  4:02  Stalker  
  44  4:09  Blink  
  40  4:12  Pylon  
  40  4:24  Probe (Chrono Boost)  
  40  4:27  Probe (Chrono Boost)  
  40  4:28  Robotics Facility  
  41  4:42  Probe x2 (Chrono Boost)  
  43  4:49  Gateway  
  43  4:50  Gateway  
  43  4:52  Sentry  
  45  4:55  Probe (Chrono Boost)  
  45  4:57  Probe (Chrono Boost)  
  47  5:06  Probe (Chrono Boost)  
  48  5:11  Stalker  
  48  5:13  Immortal  
  51  5:16  Pylon  
  54  5:25  Stalker  
  58  5:35  Stalker  
  58  5:45  Pylon  
  58  5:46  Stalker x2  
  62  5:52  Stalker  
  64  5:58  Stalker  
  68  6:04  Probe (Chrono Boost)  
  68  6:05  Probe (Chrono Boost)  
  62  6:11  Stalker  
  62  6:12  Zealot  
  62  6:15  Stalker  
  68  6:23  Stalker  
  54  6:28  Probe x2 (Chrono Boost)  
  47  6:40  Probe x2 (Chrono Boost)  
  41  6:47  Stalker x2  
  41  6:51  Probe (Chrono Boost)  
  41  6:52  Probe (Chrono Boost)  
  41  6:53  Observer  
  48  7:02  Probe x2 (Chrono Boost)  
  50  7:13  Probe x2 (Chrono Boost)  
  50  7:15  Assimilator  
  52  7:17  Assimilator  
  52  7:23  Probe x2 (Chrono Boost)  
  52  7:28  Stalker  
  56  7:30  Stalker  
  56  7:34  Probe x2 (Chrono Boost)  
  60  7:42  Stalker  
  60  7:43  Stalker  
  64  7:44  Probe x2 (Chrono Boost)  
  65  7:55  Probe x2 (Chrono Boost)  
  66  8:04  Dark Shrine  
  67  8:05  Probe (Chrono Boost)  
  67  8:17  Observer  
  67  8:21  Pylon  
  67  8:28  Pylon  
  67  8:31  Gateway  
  67  8:32  Gateway  
  67  8:35  Stalker  
  67  8:38  Observer  
  67  8:39  Pylon  
  70  8:49  Sentry x3  
  70  8:50  Resonating Glaives  
  70  8:54  Immortal  
  80  9:05  Adept  
  80  9:07  Pylon  
  82  9:13  Adept x3  
  88  9:28  Adept x3  
  94  9:33  Pylon, Immortal  
  94  9:36  Pylon  
  96  9:50  Adept x2  
  96  9:51  Adept  
  100  9:58  Sentry x2  
  98  10:08  Adept  
  98  10:12  Adept x3  
  76  10:22  Adept x2  
  64  10:31  Adept  
  65  10:39  Adept x2  
  65  10:40  Sentry  
  67  10:48  Adept  
  61  10:57  Stalker x2  
  63  11:05  Sentry x3  
  58  11:20  Adept x2  
  58  11:22  Adept  

Tags
 
Add a new tag
Caveats
  • Supply blocks, unpowered buildings, or Contaminate may cause inaccurate times.
  • Supply counts are checked every 10 seconds.